 Dungeon Crawl Stone Soup version 0.31-a0-662-g684573625c (webtiles) character file.

Game seed: 3136169073958687962

14329 avis the Nimble (level 11, -2/52 HPs)
             Began as a Felid Shapeshifter on Sept 1, 2023.
             Was an Initiate of Gozag.
             Slain by a merfolk
             ... wielding a +0 trident
              (13 damage)
             ... on level 2 of the Lair of Beasts.
             The game lasted 01:16:16 (13072 turns).

avis the Nimble (Felid Shapeshifter)               Turns: 13072, Time: 01:16:16

Health: -2/52      AC:  6    Str: 12    XL:     11   Next: 87%
Magic:  0/12       EV: 24    Int: 15    God:    Gozag
Gold:   1187       SH:  0    Dex: 15    Spells: 10/10 levels left
                                        Lives:  0   Deaths: 4

rFire   . .          .
                       - Unarmed
rCold   . . .        (shield unavailable)
rNeg    . . .        (body armour unavailable)
rPois   +            (helmet unavailable)
rElec   .            (cloak unavailable)
rCorr   .            (gloves unavailable)
SInv    +            (boots unavailable)
Will    +....        m - amulet of guardian spirit
Stlth   +            G - +4 ring of protection
HPRegen 0.28/turn    c - ring of poison resistance
MPRegen 0.13/turn

%: guardian spirit
@: blade hands, quick
A: very small, claws 1, fangs 3, see invisible, speed 1, shaggy fur 2, (stealthy
paws), no weapons or thrown items, no armour, multi-lived
a: Begin Untransformation, Renounce Religion, Potion Petition, Call Merchant,
Bribe Branch


You were on level 2 of the Lair of Beasts.
You worshipped Gozag.
Gozag was most pleased with you.
You had blades for front paws.
You visited 3 branches of the dungeon, and saw 12 of its levels.

You collected 1584 gold pieces.
You spent 300 gold pieces at shops.
You paid 97 gold pieces to Gozag.

Inventory:

Jewellery
 a - a ring of flight
 c - a ring of poison resistance (right blade hand)
 m - an amulet of guardian spirit (around neck)
 o - a ring of protection from cold
 u - a +5 ring of evasion
 E - the ring of the Ikuchi {Fire Str+4}
   (You found it on level 6 of the Dungeon)

   [ring of fire]

   Fire:      It enhances your fire magic.
   Str+4:     It affects your strength (+4).
   rF+:       It protects you from fire.
   rC-:       It makes you vulnerable to cold.
 G - a +4 ring of protection (left blade hand)
Talismans
 b - a beast talisman
 f - a flux talisman
 s - a blade talisman (active)
Wands
 k - a wand of flame (69)
 B - a wand of mindburst (4)
 C - a wand of polymorph (5)
Scrolls
 g - 3 scrolls of poison
 i - a scroll of immolation {unknown}
 l - a scroll of amnesia {unknown}
 p - a scroll of fog {unknown}
 q - a scroll of silence {unknown}
 r - 4 scrolls of enchant armour {unknown}
 v - 2 scrolls of noise {unknown}
 x - a scroll of fear {unknown}
 y - a scroll of enchant weapon {unknown}
 A - 4 scrolls of blinking {unknown}
 I - 5 scrolls of teleportation {unknown}
Potions
 d - 2 potions of mutation
 e - 3 potions of enlightenment
 h - a potion of invisibility
 j - a potion of cancellation {unknown}
 n - a potion of magic
 w - a potion of might {unknown}
 z - 2 potions of ambrosia
 D - 3 potions of lignification
 F - a potion of brilliance {unknown}


   Skills:
 + Level 8.7 Fighting
 + Level 12.6 Dodging
 * Level 10.5 Unarmed Combat
 * Level 11.3 Shapeshifting


You had 10 spell levels left.
You didn't know any spells.
Your spell library contained the following spells:

 Spells                   Type           Power      Damage    Failure   Level
 Foxfire                  Conj/Fire      0%         2x1d4     26%         1
 Kiss of Death            Conj/Necr      0%         2d5       26%         1
 Confusing Touch          Hex            0%         N/A       63%         3
 Dazzling Flash           Conj/Hex       0%         N/A       63%         3
 Volatile Blastmotes      Fire/Tloc      0%         2d10      63%         3
 Dispel Undead            Necr           0%         3d6       95%         4
 Olgreb's Toxic Radiance  Pois           0%         N/A       95%         4
 Plasma Beam              Fire/Air       0%         2x1d10    100%        6
 Starburst                Conj/Fire      0%         6d3       100%        6
 Discord                  Hex            0%         N/A       100%        8
 Ignition                 Fire           0%         3d3       100%        8
 Maxwell's Capacitive Co  Air            0%         ∞         100%        8


Dungeon Overview and Level Annotations

Branches:
Dungeon (9/15)             Temple (1/1) D:6            Lair (2/5) D:9
 Shoals (0/4) Lair:2
  Snake: Lair:2-3    Spider: Lair:2-3       Orc: D:9-12

Altars:
Ashenzari
Cheibriados
Dithmenos
Elyvilon
Fedhas
Gozag
Hepliaklqana
Kikubaaqudgha
Makhleb
Nemelex Xobeh
Okawaru
Qazlal
Ru
Sif Muna
Trog
Uskayaw
Vehumet
Wu Jian
Xom
Yredelemnul
Zin
The Shining One

Shops:
D:5 =   D:8 [


Innate Abilities, Weirdness & Mutations

You have blades for front paws.
You have sharp claws.
You have razor-sharp teeth.
You have supernaturally acute eyesight. (SInv)
You cover ground quickly. (Speed+)
You are covered in thick fur. (AC +2)
((Your paws help you pounce on unaware monsters.))
You are incapable of wielding weapons or throwing items.
You cannot wear armour.
You gain extra lives every three experience levels.


Message History

You bite the merfolk siren.
The merfolk siren is lightly wounded.
The merfolk siren closely misses you.
You slice the merfolk siren!!
The merfolk siren is almost dead.
The merfolk siren completely misses you.
You slice the merfolk siren!!
You kill the merfolk siren!
A merfolk comes into view. It is wielding a +0 trident.
The merfolk shouts!
The merfolk misses you.
The merfolk is distracted by your dazzling golden aura.
The merfolk throws a boomerang.
The boomerang completely misses you.
You slash the merfolk!
The merfolk is no longer distracted by gold.
The merfolk is lightly wounded.
The merfolk closely misses you.
You hit the merfolk. Your bite misses the merfolk.
The merfolk is lightly wounded.
The merfolk throws a boomerang.
The boomerang closely misses you.
The merfolk is distracted by your dazzling golden aura.
The merfolk shouts!
You slice the merfolk!!
The merfolk is no longer distracted by gold.
You bite the merfolk, but do no damage.
The merfolk is severely wounded.
The merfolk hits you with a +0 trident!
You barely miss the merfolk.
The merfolk is severely wounded.
The merfolk hits you with a +0 trident!!
The merfolk throws a boomerang.
The boomerang hits you!
* * * LOW HITPOINT WARNING * * *
You closely miss the merfolk.
The merfolk is heavily wounded.
The merfolk barely misses you.
You slash the merfolk!
The merfolk is almost dead.
The merfolk hits you from afar with a +0 trident!
You die...
Your body crumbles into a pile of gold.

....P ###..........
.....P####...###.#...#
.....P#P.....#######.#
..............# ##..
.............## #..#
..####...#...# ##..
#..~###P..# #.# ##.~$#
###..# P.. #.@~## ....
#.. #.~m# .... #..
#.#m## .. #.. #.>~#
... #.#~# # .~~ ..~
#.~


You could see 2 merfolk.

Vanquished Creatures
  A hydra (Lair:1)
  Harold (D:9)
  2 centaur warriors
  2 two-headed ogres
  Nergalle (Lair:1)
  A skyshark (Lair:1)
  A wizard (D:9)
  The ghost of Age the Thrower, a novice MiFi of Gozag (D:6)
  An ugly thing (D:8)
  Joseph (Lair:1)
  A merfolk siren (Lair:2)
  3 cane toads
  A komodo dragon (Lair:1)
  A troll (D:9)
  A polar bear (Lair:1)
  A slime creature (D:8)
  Sigmund (D:3)
  2 wyverns
  9 yaks
  A vampire mosquito (D:9)
  2 wargs (D:9)
  4 water moccasins (Lair:1)
  3 orc warriors (D:9)
  A sky beast (D:7)
  2 ice beasts (D:6)
  A black bear (D:7)
  A centaur (D:9)
  2 ogres
  3 kobold brigands
  Blork the orc (D:5)
  A gnoll sergeant (D:6)
  5 bullfrogs
  4 scorpions
  9 wights
  4 killer bees (D:9)
  3 howler monkeys
  3 jellies
  5 hounds
  2 orc priests
  A water moccasin simulacrum (D:6)
  2 gnoll boudas
  3 sleepcaps
  3 iguanas (D:5)
  6 orc wizards
  A bullfrog simulacrum (D:6)
  A killer bee simulacrum (D:6)
  12 gnolls
  9 adders
  3 white imps (D:6)
  2 worms
  2 dart slugs (D:2)
  23 orcs
  7 endoplasms
  A giant cockroach (D:1)
  6 goblins
  7 hobgoblins
  3 quokkas
  3 ball pythons
  6 bats
  2 frilled lizards
  26 kobolds
  7 rats
225 creatures vanquished.

Notes
Turn   | Place    | Note
-------+----------+-------------------------------------------
     0 | D:1      | avis the Felid Shapeshifter began the quest for the Orb.
     0 | D:1      | Reached XP level 1. HP: 9/9 MP: 2/2
   432 | D:1      | Reached XP level 2. HP: 12/12 MP: 3/3
   718 | D:1      | Reached skill level 3 in Dodging
  1219 | D:1      | Reached XP level 3. HP: 6/16 MP: 4/4
  1275 | D:2      | Slain by a worm
  1991 | D:3      | Reached XP level 4. HP: 19/20 MP: 5/5
  2696 | D:3      | Noticed Sigmund
  3090 | D:4      | Noticed a scorpion
  3091 | D:4      | Found a white marble altar of Elyvilon.
  3093 | D:4      | Killed a scorpion
  3094 | D:4      | Reached XP level 5. HP: 24/24 MP: 6/6
  3184 | D:4      | Reached skill level 4 in Dodging
  3258 | D:4      | Gained mutation: You are covered in thick fur. (AC +2)
                  | [Felid growth]
  3258 | D:4      | Reached XP level 6. HP: 28/28 MP: 7/7
  3272 | D:4      | Found an iron altar of Okawaru.
  3689 | D:4      | Reached skill level 5 in Unarmed Combat
  4040 | D:5      | Entered Level 5 of the Dungeon
  4232 | D:5      | Found Donavaic's Jewellery Emporium.
  4265 | D:5      | Reached XP level 7. HP: 23/33 MP: 3/8
  4493 | D:5      | Reached skill level 5 in Dodging
  4927 | D:5      | Noticed Blork the orc
  4936 | D:5      | Killed Blork the orc
  4937 | D:5      | Reached skill level 5 in Fighting
  5433 | D:6      | Found a runed translucent gate.
  5434 | D:6      | Found a runed translucent gate.
  5438 | D:6      | Found a runed translucent gate.
  5595 | D:6      | Reached skill level 6 in Dodging
  5595 | D:6      | Reached skill level 5 in Shapeshifting
  5691 | D:6      | Found a shimmering altar of Xom.
  5734 | D:6      | Found a broken altar of Ashenzari.
  5749 | D:6      | Found a staircase to the Ecumenical Temple.
  5786 | D:6      | Reached XP level 8. HP: 37/37 MP: 9/9
  5899 | Temple   | Entered the Ecumenical Temple
  5922 | Temple   | Became a worshipper of Gozag Ym Sagoz the Greedy
  6489 | D:6      | Noticed Age's ghost (novice MiFi)
  6616 | D:6      | Reached skill level 7 in Dodging
  7149 | D:7      | Found a snail-covered altar of Cheibriados.
  7221 | D:8      | Found Isahota's Armour Emporium.
  7230 | D:8      | Found a shimmering blue altar of Sif Muna.
  7291 | D:7      | Reached skill level 8 in Dodging
  7338 | D:7      | Reached XP level 9. HP: 31/41 MP: 6/10
  7495 | D:8      | Noticed a centaur warrior
  7496 | D:8      | Noticed a green ugly thing
  7608 | D:8      | Killed a green ugly thing
  7609 | D:8      | Reached skill level 9 in Dodging
  7612 | D:8      | Shot with an arrow by a centaur warrior
  7637 | D:8      | HP: 2/63 [slime creature (2)]
  7641 | D:8      | Killed a centaur warrior
  7642 | D:8      | Reached skill level 10 in Dodging
  7645 | D:8      | HP: 1/63 [slime creature (3)]
  8457 | D:8      | Noticed a two-headed ogre
  8465 | D:8      | Killed a two-headed ogre
  8466 | D:8      | Reached XP level 10. HP: 33/46 MP: 8/11
  8906 | D:8      | Reached skill level 11 in Dodging
  9151 | D:9      | Noticed a centaur warrior
  9154 | D:9      | Noticed a wizard
  9182 | D:9      | Killed a wizard
  9290 | D:9      | Killed a centaur warrior
  9508 | D:9      | Noticed a two-headed ogre
  9517 | D:9      | Killed a two-headed ogre
  9622 | D:9      | Found a staircase to the Lair.
  9822 | D:9      | Reached XP level 11. HP: 39/51 MP: 8/12
  9864 | D:9      | Noticed Harold
  9872 | D:9      | Killed Harold
  9873 | D:9      | Reached skill level 10 in Shapeshifting
 10830 | D:3      | Killed Sigmund
 10995 | D:6      | Killed Age's ghost
 10996 | D:6      | Reached skill level 12 in Dodging
 11204 | D:6      | Got the ring of the Ikuchi {Fire Str+4}
 11303 | Lair:1   | Entered Level 1 of the Lair of Beasts
 11309 | Lair:1   | Noticed Nergalle
 11321 | Lair:1   | Noticed Joseph
 11325 | Lair:1   | Killed Nergalle
 11332 | Lair:1   | Slain by Joseph
 11413 | Lair:1   | Killed Joseph
 12325 | Lair:2   | Reached skill level 10 in Unarmed Combat
 12339 | Lair:2   | Noticed an eight-headed hydra
 12365 | Lair:2   | Noticed a skyshark
 12377 | Lair:1   | Killed a skyshark
 12453 | Lair:1   | Slain by a cane toad
 12558 | Lair:1   | Killed an eight-headed hydra
 12879 | D:5      | Bought a ring of poison resistance for 300 gold pieces
 13059 | Lair:2   | Found a staircase to the Shoals.
 13072 | Lair:2   | Slain by a merfolk

Illustrated notes

Levels and vault maps discovered:
D:1:      lemuel_arrival_lava_pool, layout_loops_ring, serial_forest,
          infiniplex_forest_clump_medium, infiniplex_forest_end_3,
          infiniplex_forest_end_2, infiniplex_forest_straight_3,
          infiniplex_forest_fountain, infiniplex_forest_clump_long
D:2:      layout_basic
D:3:      layout_rooms, feat_on_display, uniq_sigmund
D:4:      layout_loops_ring, okawaru_gym_becter, elyvilon_altar_5
D:5:      layout_basic, serial_shops, shop, uniq_blork_the_orc
D:6:      layout_basic, mainiacjoe_overflow_concentric_impassable,
          mainiacjoe_overflow_24_doors, minmay_temple_entry_statues_pillars,
          gammafunk_ghost_icy, glass_columns_a, kennysheep_generic_room_16
D:7:      layout_cave_pools, lemuel_round_altar
D:8:      layout_basic, old_standard_altar, serial_shops, shop,
          kennysheep_path_1, minmay_radiant
D:9:      wad_arrow_thing, layout_long_grid, erik_lair_orcish_takeover,
          uniq_harold
Temple:   nicolae_temple_bog_church
Lair:1:   layout_roguey, lemuel_another_geyser, uniq_nergalle, uniq_joseph
Lair:2:   layout_layer_cave, elwin_shoals_entry_stream, serial_bayou_ford_a,
          grunt_megastairs_2

Skill      XL: |  1  2  3  4  5  6  7  8  9 10 11 |
---------------+----------------------------------+-----
Dodging        | 3 4 6 8 10 11 12 | 12.6
Fighting       | 2 3 4 5 6 7 8 |  8.7
Unarmed Combat | 4 5 6 7 8 10 | 10.5
Shapeshifting  | 4 5 6 8 9 11 | 11.3

Action                     |  1- 3 |  4- 6 |  7- 9 | 10-12 || total
---------------------------+-------+-------+-------+-------++-------
  Melee: Unarmed           |    94 |   140 |   251 |   350 ||   835
         Bite              |     7 |    11 |    32 |    47 ||    97
         Punch             |     1 |     2 |    13 |    15 ||    31
  Evoke: Wand              |       |       |    15 |     1 ||    16
    Use: Potion            |       |       |     7 |     2 ||     9
         Scroll            |       |       |     1 |     6 ||     7
   Stab: Sleeping          |     3 |     3 |     1 |       ||     7
         Distracted        |       |       |       |     1 ||     1
 Armour: Skin              |    28 |    40 |   121 |   121 ||   310
  Dodge: Dodged            |    71 |    99 |   190 |   384 ||   744
   Form: Blade             |       |       |     1 |     2 ||     3
         Beast             |       |       |     1 |     1 ||     2
         Flux              |       |       |     1 |     2 ||     3
                           |       |       |       |     1 ||     1

Table legend: (Time is in decaauts)
 A = Elapsed time spent in this place.
 B = Non-inter-level travel time spent in this place.
 C = Inter-level travel time spent in this place.
 D = Time resting spent in this place.
 E = Time spent auto-exploring this place.
 F = Levels seen in this place.
 G = Mean time per level.
                   A        B        C        D        E       F      G
               +--------+--------+--------+--------+--------+-----+--------+
         Total |  11303 |   9941 |   1362 |   2767 |   4036 |  12 |  941.9 |
       Dungeon |   9950 |   8717 |   1233 |   2353 |   3620 |   9 | 1105.6 |
        Temple |    152 |    115 |     37 |    100 |      0 |   1 |  152.0 |
          Lair |   1200 |   1109 |     91 |    314 |    415 |   2 |  600.0 |
               +--------+--------+--------+--------+--------+-----+--------+

Top non-repeatable levels by time:
     D:9: 1466 daAuts
     D:8: 1365 daAuts
     D:5: 1348 daAuts
     D:6: 1278 daAuts
  Lair:1: 1124 daAuts
     D:1: 1036 daAuts
     D:4: 955 daAuts
     D:7: 917 daAuts
     D:2: 799 daAuts
     D:3: 781 daAuts
  Temple: 152 daAuts
  Lair:2: 75 daAuts
